 Dungeon Crawl Stone Soup version 0.31-a0-986-g5e6e4ef867 (webtiles) character file.

Game seed: 6331228931774155056

798 Persephone the Ruffian (level 7, -2/28 HPs)
             Began as an Octopode Shapeshifter on Nov 7, 2023.
             Killed from afar by Sigmund (4 damage)
             ... with a puff of flame
             ... on level 3 of the Dungeon.
             The game lasted 00:05:27 (2748 turns).

Persephone the Ruffian (Octopode Shapeshifter)      Turns: 2748, Time: 00:05:28

Health: -2/28      AC:  5    Str: 20    XL:     7   Next: 90%
Magic:  7/7        EV: 10    Int: 13    God:
Gold:   119        SH:  5    Dex:  9    Spells: 6/6 levels left

rFire   . .          .
                       - Unarmed
rCold   . . .        (shield currently unavailable)
rNeg    . . .        (helmet currently unavailable)
rPois   .            h - amulet of reflection
rElec   .            (no ring)
rCorr   .            (no ring)
SInv    .            (no ring)
Will    +....        (no ring)
Stlth   +            (no ring)
HPRegen 0.24/turn    (no ring)
MPRegen 0.10/turn    (no ring)
                     (no ring)

%: reflection
@: snake-form, attractive, enlightened, flying, studying Shields
A: constrict, reduced hp, almost no armour, amphibious, 8 rings, large,
(camouflage 1), (gelatinous body 1), (nimble swimmer 1), (tentacles), clumsy 1,
inability to drink after injury 1, devolution 1
a: Begin Untransformation


You were on level 3 of the Dungeon.
You were an enormous anaconda.
You visited 1 branch of the dungeon, and saw 6 of its levels.

You collected 119 gold pieces.

Inventory:

Jewellery
 h - an amulet of reflection (around neck)
 j - a ring of magical power
 s - an amulet of regeneration
Talismans
 b - a beast talisman
 c - a flux talisman
 v - a serpent talisman (active)
Scrolls
 e - 5 scrolls of identify {unknown}
 f - 3 scrolls of noise {unknown}
 g - a scroll of immolation {unknown}
 l - a scroll of vulnerability {unknown}
 n - a scroll of enchant weapon {unknown}
 o - a scroll of fear {unknown}
 p - a scroll of amnesia {unknown}
 q - a scroll of revelation {unknown}
 r - a scroll of blinking {unknown}
Potions
 a - 2 potions of lignification
 k - a potion of enlightenment
 m - a potion of might {unknown}
 t - a potion of ambrosia {unknown}
 u - a potion of curing {unknown}


   Skills:
 - Level 4.2 Fighting
 - Level 2.0 Dodging
 - Level 6.7 Unarmed Combat
 * Level 4.9 Shapeshifting


You had 6 spell levels left.
You didn't know any spells.
Your spell library contained the following spells:

 Spells                   Type           Power      Damage    Failure   Level
 Blink                    Tloc           0%         N/A       43%         2
 Lesser Beckoning         Tloc           0%         N/A       43%         2
 Momentum Strike          Conj/Tloc      0%         3d8       43%         2
 Gell's Gravitas          Tloc           0%         N/A       67%         3
 Hailstorm                Conj/Ice       0%         3d3       67%         3
 Teleport Other           Tloc           0%         N/A       67%         3
 Summon Ice Beast         Ice/Summ       0%         N/A       97%         4
 Simulacrum               Ice/Necr       0%         N/A       100%        6


Dungeon Overview and Level Annotations

Branches:
Dungeon (6/15)
 Temple: D:4-7

Altars:

Shops:
D:6 *

Annotations:
D:3 Sigmund


Innate Abilities, Weirdness & Mutations

You are an enormous anaconda.
You have a powerful constriction melee attack.
Your maximum health is decreased, since you lack skill for your form.
Your armour is entirely melded.
You are incapable of wielding weapons or throwing items.
You cannot wear most types of armour.
You are amphibious.
You can wear up to eight rings at the same time.
((Your skin changes colour to match your surroundings (Stealth+).))
((Your rubbery body absorbs attacks. (AC +1, EV +1)))
((You are camouflaged when in or above water. (Stealth+)))
((You have tentacles for arms and can constrict up to eight enemies at once.))
You are clumsy. (Dex -2)
You occasionally lose the ability to drink potions when taking damage.
You have hidden genetic defects.


Message History

Sigmund shouts!
Sigmund points at you and mumbles some strange words.
The magic dart hits you!
You see here a maw talisman.
You are too injured to fight recklessly!
You are too injured to fight recklessly!
Sigmund casts a spell.
Sigmund flickers and vanishes!
Deactivating autopickup; reactivate with Ctrl-A.
Something hits you but does no damage. Something hits you.
You barely miss something. You closely miss something. Something hits you.
You miss something. Something hits you but does no damage.
You barely miss something. You lash something! Something hits you.
* * * LOW HITPOINT WARNING * * *
You barely miss something.
It was a potion of enlightenment.
You feel very buoyant.
You fly up into the air.
Something hits you.
* * * LOW HITPOINT WARNING * * *
You closely miss something.
You hear some strange, mumbled words.
A magic dart appears from out of thin air!
The magic dart hits you.
* * * LOW HITPOINT WARNING * * *
You closely miss something.
It was a potion of mutation.
You feel extremely strange.
You feel clumsy.
You feel a hidden malignance growing inside you.
You occasionally lose the ability to drink potions when taking damage.
Something hits you.
* * * LOW HITPOINT WARNING * * *
It was a potion of attraction.
You feel attractive to monsters.
You hear some strange, mumbled words.
A puff of flame appears from out of thin air!
The puff of flame hits you.
You die...

#.# ##.## ##...##
###.###.############
####...# #.............
#......###.#######.....
#........>## #.####
#........##... #.# #
#....{S....# #.#
#.......#.## ##.#
#..%....#. ....#
#.......#.## #. ###
#.##....##.###.
#.##....##....
#.#.....##.#.#
#........#.#.#
#............#


There were no monsters in sight!

Vanquished Creatures
  A black bear (D:4)
  2 ogres
  3 scorpions
  2 hounds (D:5)
  A jelly (D:5)
  2 iguanas
  Terence (D:2)
  2 orc wizards
  4 adders
  A gnoll (D:1)
  A white imp (D:5)
  3 worms
  5 dart slugs
  9 orcs
  8 bats
  6 endoplasms
  4 goblins
  6 hobgoblins
  3 jackals (D:4)
  6 quokkas
  5 ball pythons
  A frilled lizard (D:2)
  3 kobolds
  4 rats
83 creatures vanquished.

Notes
Turn   | Place    | Note
-------+----------+-------------------------------------------
     0 | D:1      | Persephone the Octopode Shapeshifter began the quest for
                  | the Orb.
     0 | D:1      | Reached XP level 1. HP: 13/13 MP: 1/1
   112 | D:1      | Found a faded altar of an unknown god.
   119 | D:1      | Reached XP level 2. HP: 12/18 MP: 2/2
   278 | D:1      | Reached XP level 3. HP: 23/23 MP: 3/3
   982 | D:2      | Reached skill level 4 in Unarmed Combat
   988 | D:2      | Noticed Terence
  1002 | D:2      | Killed Terence
  1003 | D:2      | Reached XP level 4. HP: 23/29 MP: 4/4
  1402 | D:3      | You fall into a shaft and drop 3 floors!
  1411 | D:6      | Noticed an ice beast
  1438 | D:6      | Noticed an ogre
  1445 | D:6      | Killed an ogre
  1446 | D:6      | Reached XP level 5. HP: 35/35 MP: 5/5
  1472 | D:6      | Found Fonecvun's General Store.
  1488 | D:6      | Reached skill level 5 in Unarmed Combat
  1488 | D:6      | Reached XP level 6. HP: 41/41 MP: 6/6
  1549 | D:5      | Entered Level 5 of the Dungeon
  1579 | D:5      | Reached XP level 7. HP: 29/46 MP: 7/7
  1673 | D:5      | Reached skill level 6 in Unarmed Combat
  2601 | D:3      | Noticed Sigmund
  2747 | D:3      | Gained mutation: You are clumsy. (Dex -2) [potion of
                  | mutation]
  2747 | D:3      | Gained mutation: You have hidden genetic defects. [potion
                  | of mutation]
  2747 | D:3      | Gained mutation: You occasionally lose the ability to drink
                  | potions when taking damage. [potion of mutation]
  2748 | D:3      | Killed from afar by Sigmund

Illustrated notes

Levels and vault maps discovered:
D:1:      shiori_shiawase, layout_basic, chequers_ecumenical_altar_simple_redux,
          grunt_decor_one_mirror, serial_bayou_lagoon_a
D:2:      layout_rooms, uniq_terence
D:3:      layout_loops_ring, uniq_sigmund
D:4:      layout_rooms, temple_statues, uniq_blork_the_orc
D:5:      layout_basic, minmay_lizard_king, uniq_pikel, uniq_crazy_yiuf_cottage
D:6:      layout_loops_ring, serial_shops, shop

Skill      XL: |  1  2  3  4  5  6  7 |
---------------+----------------------+-----
Unarmed Combat | 4 5 6 |  6.7
Fighting       | 2 3 4 |  4.2
Shapeshifting  | 4 |  4.9
Dodging        | |  2.0

Action                     |  1- 3 |  4- 6 |  7- 9 || total
---------------------------+-------+-------+-------++-------
  Melee: Unarmed           |    62 |    32 |    83 ||   177
         Constrict         |    19 |     8 |    17 ||    44
         Tentacles         |    17 |     7 |    16 ||    40
         Punch             |     1 |     1 |     2 ||     4
    Use: Potion            |       |       |     3 ||     3
   Stab: Sleeping          |     3 |     3 |     2 ||     8
         Distracted        |       |     1 |       ||     1
 Armour: Skin              |    19 |     7 |    39 ||    65
  Dodge: Dodged            |    22 |    14 |    24 ||    60
  Block: Other             |     4 |     3 |    12 ||    19
   Form: Anaconda          |       |       |     1 ||     1

Table legend: (Time is in decaauts)
 A = Elapsed time spent in this place.
 B = Non-inter-level travel time spent in this place.
 C = Inter-level travel time spent in this place.
 D = Time resting spent in this place.
 E = Time spent auto-exploring this place.
 F = Levels seen in this place.
 G = Mean time per level.
                   A        B        C        D        E       F      G
               +--------+--------+--------+--------+--------+-----+--------+
         Total |   2730 |   2675 |     55 |      0 |   1982 |   6 |  455.0 |
       Dungeon |   2730 |   2675 |     55 |      0 |   1982 |   6 |  455.0 |
               +--------+--------+--------+--------+--------+-----+--------+

Top non-repeatable levels by time:
     D:1: 790 daAuts
     D:3: 691 daAuts
     D:2: 603 daAuts
     D:5: 382 daAuts
     D:6: 145 daAuts
     D:4: 115 daAuts
